 Dungeon Crawl Stone Soup version 0.31-a0-232-gb1c03b2570 (webtiles) character file.

Game seed: 16360464119978085556

41707 Shard1697 the Basher (level 13, -4/113 (118) HPs)
             Began as an Armataur Fighter on July 7, 2023.
             Was a High Priest of Ru.
             Slain by a cane toad (33 damage)
             ... on level 3 of the Lair of Beasts.
             The game lasted 00:34:08 (14534 turns).

Shard1697 the Basher (Armataur Fighter)            Turns: 14534, Time: 00:34:09

HP:   -4/113 (118)  AC: 16    Str: 25    XL:     13   Next: 81%
MP:   13/13         EV:  1    Int:  8    God:    Ru [*****.]
Gold: 1013          SH:  0    Dex: 12    Spells: 8/12 levels left

rFire   + + .        a - +2 morningstar (flame)
rCold   . . .        A - +1 tower shield {AC+3}
rNeg    . . .        v - +2 fire dragon scales "Voryapn" {+Blink rPois rF++ rC- Will+}
rPois   +            (no helmet)
rElec   .            p - +0 cloak
rCorr   .            K - +0 pair of gloves
SInv    .            (no barding)
Will    +....        y - amulet of regeneration Stlth
                     g - +5 ring of evasion
HPRegen 1.18/turn    z - ring of protection from cold
MPRegen 0.13/turn

%: roll
@: exhausted, sleeping, lightly drained
A: large, rugged brown scales 3, deformed body, inability to train dodging, no
air magic, no hexes magic, no summoning magic, unskilled 2, armoured tail, roll,
long tongue, awkward tongue
a: Renounce Religion, Evoke Blink, Draw Out Power, Power Leap, Apocalypse


You were on level 3 of the Lair of Beasts.
You worshipped Ru.
Ru was extremely pleased with you.
You visited 3 branches of the dungeon, and saw 17 of its levels.
You also visited: Bailey.

You collected 1694 gold pieces.
You spent 681 gold pieces at shops.

Inventory:

Hand Weapons
 a - a +2 morningstar of flaming (weapon)
 b - a +0 broad axe
Missiles
 w - 9 curare-tipped darts
Armour
 f - a +2 leather armour of poison resistance
 j - a +0 plate armour of fire resistance
 o - a +1 plate armour of cold resistance
 p - a +0 cloak (worn)
 u - +0 acid dragon scales
 v - the +2 fire dragon scales "Voryapn" (worn) {+Blink rPois rF++ rC- Will+}
   (You found it in a bailey)

   rF:        It greatly protects you from fire.
   rC:        It makes you vulnerable to cold.
   rPois:     It protects you from poison.
   +Blink:    It lets you blink.
   Will:      It increases your willpower.
 A - a +1 tower shield of protection (worn)
 K - a +0 pair of gloves (worn)
Jewellery
 g - a +5 ring of evasion (left hand)
 m - a ring of wizardry
 y - an amulet of regeneration (around neck)
 z - a ring of protection from cold (right hand)
 J - a ring of ice
Wands
 c - a wand of digging (5)
 d - a wand of polymorph (13)
 k - a wand of charming (13)
 s - a wand of roots (17)
 t - a wand of quicksilver (6)
 I - a wand of flame (11)
Scrolls
 h - a scroll of blinking
 l - 5 scrolls of identify
 n - 9 scrolls of teleportation
 C - 2 scrolls of summoning
 G - 3 scrolls of fog
 H - 2 scrolls of vulnerability
 L - a scroll of poison
Potions
 e - 8 potions of curing
 i - 3 potions of enlightenment
 q - a potion of brilliance
 r - 2 potions of resistance
 x - 2 potions of cancellation
 D - 3 potions of haste
 E - a potion of might
 F - a potion of mutation
 M - 2 potions of heal wounds
Miscellaneous
 B - a box of beasts


   Skills:
 - Level 9.2 Fighting
 + Level 12.2 Maces & Flails
 - Level 4.7 Armour
 + Level 10.0 Shields
 + Level 8.5 Evocations


You had 8 spell levels left.
You knew the following spells:

 Your Spells              Type           Power      Damage    Failure   Level
a - Summon Ice Beast      Ice/Summ       0%         N/A       100%        4

Your spell library contained the following spells:

 Spells                   Type           Power      Damage    Failure   Level
 Apportation              Tloc           0%         N/A       98%         1
 Magic Dart               Conj           0%         1d3       98%         1
 Frozen Ramparts          Ice            0%         1d1       100%        3
 Animate Dead             Necr           0%         N/A       100%        4
 Ice Form                 Ice/Tmut       0%         N/A       100%        4
 Alistair's Intoxication  Tmut/Pois      0%         N/A       100%        5
 Blade Hands              Tmut           0%         N/A       100%        5
 Borgnjor's Vile Clutch   Necr/Erth      0%         N/A       100%        5
 Infestation              Necr           0%         N/A       100%        8
 Call Imp                 Summ           Unusable   N/A       N/A         2
 Mephitic Cloud           Conj/Pois/Air  Unusable   N/A       N/A         3
 Portal Projectile        Hex/Tloc       Unusable   N/A       N/A         3
 Tukima's Dance           Hex            Unusable   N/A       N/A         3
 Summon Lightning Spire   Summ/Air       Unusable   N/A       N/A         4
 Freezing Cloud           Conj/Ice/Air   Unusable   6-21      N/A         5
 Haunt                    Necr/Summ      Unusable   N/A       N/A         7
 Malign Gateway           Summ/Tloc      Unusable   N/A       N/A         7
 Summon Horrible Things   Summ           Unusable   N/A       N/A         8

Dungeon Overview and Level Annotations

Branches:
Dungeon (12/15)            Temple (0/1) D:7            Lair (3/5) D:9
  Swamp (0/4) Lair:2        Snake (0/4) Lair:2          Orc (2/2) D:12
    Elf (0/3) Orc:2        Bailey (visited)

Altars:
Dithmenos
Elyvilon
Fedhas
Gozag
Hepliaklqana
Kikubaaqudgha
Qazlal
Ru
Sif Muna
Trog
Uskayaw
Xom
Yredelemnul
The Shining One

Shops:
D:9 !   Orc:2 :*[(


Innate Abilities, Weirdness & Mutations

You are completely covered in rugged brown scales. (AC +3, +7% HP)
Armour fits poorly on your strangely shaped body.
You cannot train Dodging skill.
You cannot study or cast Air magic.
You cannot study or cast Hexes magic.
You cannot study or cast Summoning magic.
You are unskilled. (-2 Apt)
You have a long armoured tail.
You roll when moving toward enemies. (Rampage)
Your long tongue fully drains potion bottles. (2x potion effects)
Your tongue gives you trouble enunciating. (1.5x scroll delay)


Message History

You kill the dream sheep!
You barely miss the wyvern. You hit the cane toad but do no damage.
The dream sheep is no longer blind.
You block the wyvern's attack. The cane toad stings you!
The wyvern bites you but does no damage.
The cane toad stings you but does no damage.
The wyvern bites you but does no damage.
You slash the dream sheep!
You kill the dream sheep!
You hit the wyvern. You barely miss the cane toad.
You block the cane toad's attack.
The dream sheep ruffles its wool and motes of dream dust sparkle, to no effect.
The wyvern bites you. The cane toad closely misses you.
The dream sheep ruffles its wool and motes of dream dust sparkle, to no effect.
The wyvern bites you.
* * * LOW HITPOINT WARNING * * *
You focus your inner power and slow the wyvern in retribution!
Your +2 morningstar of flaming bursts into flame!
a - a +2 morningstar of flaming (weapon)
You block the cane toad's attack.
You puncture the wyvern! You burn the wyvern.
You kill the wyvern!
You redirect the cane toad's attack!
The cane toad stings itself!
You hit the cane toad but do no damage.
You tail-slap the cane toad, but do no damage.
The cane toad is severely wounded.
You block the dream sheep's attack. The cane toad stings you!
* * * LOW HITPOINT WARNING * * *
You focus your inner power and illuminate the cane toad in retribution!
The dream sheep is stunned by your conviction and fails to attack.
You barely miss the cane toad.
The cane toad is severely wounded.
You redirect the cane toad's attack!
The cane toad barely misses the dream sheep.
The dream sheep shakes its wool and sparkles.
You feel drowsy...
You fall asleep.
The cane toad stings you but does no damage.
The cane toad stings you!!
You die...

.............##
.....####.#...# ## .
...#..#####...##P#... .
.#.....# ##.⌠......) ..
##....## #...####. ...
#.....#### #..## ....
###......##.#..### .....
###..............#......
................@Y......
...........#....†F......
...........##.....#.P.#P
##......... #...... ..#
##..._............. ..#
#........#......... P.
#................... .
#P...................
##.#.....


You could see a cane toad (corona) and a dream sheep.

Vanquished Creatures
  An orc warlord (Orc:2)
  A boulder beetle (D:9)
  A catoblepas (D:9)
  4 two-headed ogres
  A centaur warrior (D:9)
  2 orc high priests
  A skyshark (Lair:3)
  A skeletal warrior (D:9)
  A bog body (Lair:2)
  5 orc knights
  6 orc sorcerers
  2 ugly things
  A manticore (D:9)
  10 elephants
  2 black mambas
  2 gargoyles
  A torpor snail (Lair:2)
  Maggie (D:8)
  6 cane toads
  Psyche (D:8)
  A kobold demonologist (D:11)
  3 komodo dragons
  2 rime drakes
  2 trolls
  Grinder (D:2)
  11 blink frogs
  4 dream sheep (Lair:3)
  3 slime creatures (D:11)
  2 wraiths (D:11)
  A vampire (D:7)
  2 wyverns
  2 shadows
  30 yaks
  Eustachio (D:6)
  A basilisk (Lair:2)
  4 steam dragons
  8 wargs
  An acid dragon (D:6)
  A naga (Lair:2)
  4 water moccasins
  A sky beast (D:8)
  30 orc warriors
  9 ice beasts
  7 ogres
  8 wolves
  3 centaurs
  A kobold brigand (D:8)
  2 gnoll sergeants
  5 bullfrogs
  A scorpion (D:3)
  9 wights (D:7)
  19 killer bees
  2 electric eels
  14 howler monkeys
  4 crimson imps (D:7)
  2 jellies
  A hound (D:5)
  Crazy Yiuf (D:2)
  18 orc priests
  A sleepcap (D:6)
  A gnoll bouda (D:6)
  5 iguanas
  29 orc wizards
  14 gnolls
  10 adders
  A shadow imp (D:8)
  2 white imps
  3 dart slugs
  76 orcs
  6 endoplasms
  3 giant cockroaches
  9 goblins
  7 hobgoblins
  12 jackals
  4 quokkas
  5 ball pythons
  3 bats
  4 frilled lizards
  12 kobolds
  A rat (D:1)
  A spectral orc (D:10)
480 creatures vanquished.

Vanquished Creatures (others)
  A bullfrog (Lair:1)
  3 killer bees
  A hound (D:6)
  3 orcs
  A goblin (D:8)
9 creatures vanquished.

Grand Total: 489 creatures vanquished

Notes
Turn   | Place    | Note
-------+----------+-------------------------------------------
     0 | D:1      | Shard1697 the Armataur Fighter began the quest for the Orb.
     0 | D:1      | Reached XP level 1. HP: 19/19 MP: 1/1
     6 | D:1      | Noticed a polar bear
     6 | D:1      | Noticed a hog
     6 | D:1      | Noticed a black mamba
     7 | D:1      | Noticed a rime drake
     7 | D:1      | Noticed an iguana
    75 | D:1      | Reached skill level 2 in Maces & Flails
   250 | D:1      | Reached XP level 2. HP: 26/26 MP: 2/2
   399 | D:1      | Reached skill level 3 in Maces & Flails
   734 | D:1      | Reached XP level 3. HP: 32/32 MP: 3/3
  1131 | D:2      | Found a runed translucent door.
  1132 | D:2      | Noticed Crazy Yiuf
  1143 | D:2      | Killed Crazy Yiuf
  1144 | D:2      | Reached skill level 4 in Maces & Flails
  1144 | D:2      | Reached XP level 4. HP: 21/39 MP: 2/4
  1275 | D:2      | Found a hide-covered altar of Uskayaw.
  1439 | D:3      | Noticed Grinder
  1447 | D:3      | Paralysed by Grinder for 3 turns
  1487 | D:2      | Paralysed by Grinder for 3 turns
  1499 | D:2      | Paralysed by Grinder for 5 turns
  1506 | D:2      | Paralysed by Grinder for 4 turns
  1510 | D:2      | Killed Grinder
  1511 | D:2      | Reached skill level 5 in Maces & Flails
  1511 | D:2      | Reached XP level 5. HP: 48/48 MP: 5/5
  1511 | D:2      | Reached XP level 6. HP: 54/54 MP: 6/6
  2476 | D:4      | Found a bloodstained altar of Trog.
  2586 | D:4      | Reached skill level 6 in Maces & Flails
  2586 | D:4      | Reached XP level 7. HP: 64/64 MP: 7/7
  2955 | D:5      | Entered Level 5 of the Dungeon
  2970 | D:5      | Noticed a steam dragon
  2981 | D:5      | Killed a steam dragon
  2982 | D:5      | Reached skill level 5 in Fighting
  3119 | D:5      | Found a shimmering blue altar of Sif Muna.
  3217 | D:5      | Found a stormy altar of Qazlal.
  3218 | D:5      | Found a glowing golden altar of the Shining One.
  3218 | D:5      | Found a sacrificial altar of Ru.
  3230 | D:5      | Became a worshipper of Ru the Awakened
  3310 | D:5      | Reached skill level 7 in Maces & Flails
  3518 | D:5      | Reached XP level 8. HP: 55/74 MP: 8/8
  3733 | D:6      | Noticed a two-headed ogre
  3739 | D:6      | Found a shadowy altar of Dithmenos.
  3752 | D:6      | Killed a two-headed ogre
  3753 | D:6      | Reached skill level 8 in Maces & Flails
  4016 | D:6      | Noticed Eustachio
  4041 | D:6      | Killed Eustachio
  4042 | D:6      | Reached XP level 9. HP: 82/84 MP: 9/9
  4216 | D:6      | Found a white marble altar of Elyvilon.
  4543 | D:7      | Reached skill level 9 in Maces & Flails
  4778 | D:7      | Identified the +10 spear "Jellybane" {heavy, rElec rF+}
  4914 | D:7      | Gained mutation: You are somewhat unskilled. (-1 Apt) [Ru
                  | sacrifice]
  4914 | D:7      | Reduced skill Maces & Flails to level 8
  4914 | D:7      | Reached * piety under Ru
  4962 | D:7      | Found a staircase to the Ecumenical Temple.
  5283 | D:7      | Found a shimmering altar of Xom.
  5298 | D:7      | Reached skill level 9 in Maces & Flails
  5410 | D:8      | Noticed Maggie
  5499 | D:8      | Noticed a gargoyle
  5517 | D:8      | Noticed Psyche
  5529 | D:8      | Killed a gargoyle
  5530 | D:8      | Reached XP level 10. HP: 78/96 MP: 10/10
  5537 | D:8      | Killed Psyche
  5606 | D:8      | Killed Maggie
  5666 | D:8      | Found a flagged portal.
  5683 | Bailey   | Entered a bailey
  6002 | Bailey   | Identified the +2 fire dragon scales "Voryapn" {+Blink
                  | rPois rF++ rC- Will+}
  6199 | D:8      | Noticed a purple ugly thing
  6204 | D:8      | Killed a purple ugly thing
  6205 | D:8      | Reached skill level 10 in Maces & Flails
  6334 | D:8      | Found an ancient bone altar of Kikubaaqudgha.
  6337 | D:8      | Found a blossoming altar of Fedhas.
  6760 | D:9      | Noticed a skeletal warrior
  6761 | D:9      | Noticed a manticore
  6777 | D:9      | Identified the +3 ring mail of Zuypiaka {Str+4}
  6782 | D:9      | Killed a skeletal warrior
  6852 | D:9      | Killed a manticore
  6939 | D:9      | Found a hazy altar of Hepliaklqana.
  6956 | D:9      | Reached skill level 1 in Evocations
  7027 | D:9      | Gained mutation: You cannot train Dodging skill. [Ru
                  | sacrifice]
  7027 | D:9      | Reached ** piety under Ru
  7027 | D:9      | Reached *** piety under Ru
  7044 | D:9      | Reached XP level 11. HP: 97/105 MP: 11/11
  7052 | D:9      | Found a staircase to the Lair.
  7147 | D:9      | Found Erphemoer's Distillery.
  7197 | D:9      | Noticed a centaur warrior
  7207 | D:9      | Killed a centaur warrior
  7290 | D:9      | Bought a potion of curing for 45 gold pieces
  7290 | D:9      | Bought a potion of haste for 150 gold pieces
  7290 | D:9      | Bought a potion of curing for 45 gold pieces
  7290 | D:9      | Bought a potion of might for 60 gold pieces
  7290 | D:9      | Bought 2 potions of haste for 300 gold pieces
  7290 | D:9      | Bought a potion of attraction for 45 gold pieces
  7528 | D:9      | Reached skill level 5 in Shields
  7550 | D:9      | Reached skill level 10 in Fighting
  7670 | D:9      | Noticed a boulder beetle
  7699 | D:9      | Killed a boulder beetle
  7795 | D:9      | Found a hide-covered altar of Uskayaw.
  8022 | D:10     | Entered Level 10 of the Dungeon
  8052 | D:10     | Found a basalt altar of Yredelemnul.
  8371 | D:10     | Noticed a two-headed ogre
  8384 | D:10     | Killed a two-headed ogre
  8433 | D:10     | Reached skill level 11 in Maces & Flails
  9001 | D:11     | Noticed a two-headed ogre
  9006 | D:11     | Killed a two-headed ogre
  9007 | D:11     | Reached skill level 5 in Armour
  9056 | D:11     | Noticed a purple ugly thing
  9073 | D:11     | Killed a purple ugly thing
  9898 | D:12     | Reached skill level 5 in Evocations
  9898 | D:12     | Reached XP level 12. HP: 113/113 MP: 12/12
 10044 | D:12     | Noticed a two-headed ogre
 10060 | D:12     | Killed a two-headed ogre
 10157 | D:12     | Learned a level 4 spell: Summon Ice Beast
 10268 | D:12     | Found a staircase to the Orcish Mines.
 10525 | Orc:1    | Entered Level 1 of the Orcish Mines
 10532 | Orc:1    | You fall into a shaft and drop 1 floor!
 10532 | Orc:2    | Entered Level 2 of the Orcish Mines
 10587 | Orc:2    | Found a staircase to the Elven Halls.
 10746 | Orc:1    | Noticed an orc high priest
 10759 | Orc:1    | Killed an orc high priest
 11652 | Orc:2    | Reached skill level 12 in Maces & Flails
 11672 | Orc:2    | Gained mutation: You cannot study or cast Air magic. [Ru
                  | sacrifice]
 11672 | Orc:2    | Gained mutation: You cannot study or cast Hexes magic. [Ru
                  | sacrifice]
 11672 | Orc:2    | Gained mutation: You cannot study or cast Summoning magic.
                  | [Ru sacrifice]
 11672 | Orc:2    | Reached **** piety under Ru
 12110 | Orc:2    | Noticed an orc warlord
 12131 | Orc:2    | Killed an orc warlord
 12239 | Orc:2    | Noticed an orc high priest
 12269 | Orc:2    | Killed an orc high priest
 12309 | Orc:2    | Reached XP level 13. HP: 108/111 MP: 13/13
 12349 | Orc:2    | Found Runem's Book Emporium.
 12389 | Orc:2    | Found Buismem's Antique Armour Emporium.
 12487 | Orc:2    | Found Unnezaxt's Antique Weapon Emporium.
 12542 | Orc:2    | Found Hongik's General Store.
 12548 | Orc:2    | Bought a potion of curing for 36 gold pieces
 12682 | Lair:1   | Entered Level 1 of the Lair of Beasts
 13377 | Lair:1   | Reached skill level 10 in Shields
 13585 | Lair:2   | Got the Omnibus of the Xenolith and Ceraunoscopy
 13622 | Lair:2   | Found a staircase to the Snake Pit.
 13750 | Lair:2   | Gained mutation: You are unskilled. (-2 Apt) [Ru sacrifice]
 13750 | Lair:2   | Reduced skill Maces & Flails to level 11
 13750 | Lair:2   | Reached ***** piety under Ru
 13817 | Lair:2   | Reached skill level 12 in Maces & Flails
 13858 | Lair:2   | Found a staircase to the Swamp.
 14482 | Lair:3   | Found an opulent altar of Gozag.
 14518 | Lair:3   | Reached skill level 10 in Shields
 14534 | Lair:3   | Slain by a cane toad

Illustrated notes

Levels and vault maps discovered:
D:1:      onia_arrival_zoo_common, layout_basic, serial_curves, eino_curves_03,
          eino_curves_03, minmay_pentomino_t2
D:2:      layout_rooms, basic_altar, serial_bayou_ford_a,
          uniq_crazy_yiuf_cottage
D:3:      layout_rooms, hangedman_decor_points, grunt_decor_one_mirror,
          uniq_grinder
D:4:      layout_basic, mainiacjoe_overflow_tiny_flanked
D:5:      layout_rooms, nicolae_sif_muna_condensation, minitemple
D:6:      layout_rooms, grunt_dithmenos_smoke, overflow_temple_1_default,
          uniq_eustachio
D:7:      layout_basic, led_xom_imps, minmay_temple_entry_stoned_glass
D:8:      layout_loops_ring, grunt_temple_overflow_growth_and_decay,
          enter_bailey_3, minivault_22, kennysheep_just_a_vault, uniq_psyche,
          uniq_maggie
D:9:      layout_gridville, mainiacjoe_overflow_concentric_impassable,
          mainiacjoe_overflow_cross_hatched, hellmonk_lair_entry_icy,
          serial_shops, nicolae_shop_window_shopping, nicolae_eternal_life,
          minmay_radiant
D:10:     layout_roguey, yredelemnul_forgotten_temple_becter
D:11:     layout_layer_cave, wad_woods_river_04
D:12:     layout_big_octagon
Lair:1:   layout_roguey, lemuel_fruit_tree, grunt_megastairs_2,
          serial_bayou_shore_a
Lair:2:   layout_regular_city, skrybe_swamp_entry_bodies,
          guppyfry_snake_entry_island
Lair:3:   layout_gridlike, basic_altar, grunt_megastairs_4
Orc:1:    layout_caves, kennysheep_orc_chapel
Orc:2:    grunt_orc_cross, layout_diamond_mine, nooodl_orcs_dogs

Skill      XL: |  1  2  3  4  5  6  7  8  9 10 11 12 13 |
---------------+----------------------------------------+-----
Maces & Flails | 2 3 4 5 6 7 8 9 10 11 12 12 | 12.2
Fighting       | 3 4 5 7 8 9 10 9 |  9.2
Shields        | 4 6 9 10 | 10.0
Evocations     | 1 5 7 8 |  8.5
Armour         | 5 4 |  4.7

Action                     |  1- 3 |  4- 6 |  7- 9 | 10-12 | 13-15 || total
---------------------------+-------+-------+-------+-------+-------++-------
  Melee: Flail             |   115 |   131 |   218 |       |       ||   464
         Tailslap          |     8 |    13 |    49 |   131 |    72 ||   273
         Morningstar       |       |       |   109 |   928 |   346 ||  1383
         Broad axe         |       |       |       |       |     9 ||     9
 Invoke: Sacrifice Skill   |       |       |     1 |       |     1 ||     2
         Sacrifice Nimblen |       |       |       |     1 |       ||     1
         Reject Sacrifices |       |       |       |     1 |       ||     1
         Draw Out Power    |       |       |       |     2 |     1 ||     3
         Sacrifice Arcana  |       |       |       |     1 |       ||     1
  Evoke: Wand              |       |       |     6 |     7 |       ||    13
    Use: Potion            |     1 |     3 |     3 |     2 |       ||     9
         Scroll            |       |     4 |    12 |    12 |     2 ||    30
   Stab: Invisible         |       |       |       |     2 |     3 ||     5
         Distracted        |       |       |       |     1 |     2 ||     3
         Petrified         |       |       |       |       |     4 ||     4
         Petrifying        |       |       |       |       |     1 ||     1
 Armour: Scale mail        |    83 |       |       |       |       ||    83
         Chain mail        |     1 |    44 |     6 |       |       ||    51
         Skin              |       |    10 |       |       |       ||    10
         Steam dragon scal |       |       |    43 |       |       ||    43
         Leather armour    |       |       |    39 |    25 |       ||    64
         Fire dragon scale |       |       |       |   316 |   130 ||   446
  Dodge: Dodged            |    61 |    49 |   216 |   411 |    92 ||   829
  Block: Buckler           |    30 |    24 |    70 |   107 |       ||   231
         Tower shield      |       |       |       |   335 |   326 ||   661

Table legend: (Time is in decaauts)
 A = Elapsed time spent in this place.
 B = Non-inter-level travel time spent in this place.
 C = Inter-level travel time spent in this place.
 D = Time resting spent in this place.
 E = Time spent auto-exploring this place.
 F = Levels seen in this place.
 G = Mean time per level.
                   A        B        C        D        E       F      G
               +--------+--------+--------+--------+--------+-----+--------+
         Total |  14741 |  14285 |    456 |   1653 |   8004 |  18 |  818.9 |
       Dungeon |  10449 |  10110 |    339 |   1270 |   6070 |  12 |  870.8 |
          Lair |   1734 |   1707 |     27 |      0 |   1143 |   3 |  578.0 |
  Orcish Mines |   2122 |   2033 |     89 |    320 |    791 |   2 | 1061.0 |
        Bailey |    434 |    434 |      0 |     63 |      0 |   1 |  434.0 |
               +--------+--------+--------+--------+--------+-----+--------+

Top non-repeatable levels by time:
   Orc:2: 1418 daAuts
     D:9: 1373 daAuts
    D:11: 1338 daAuts
     D:8: 1010 daAuts
     D:7: 955 daAuts
     D:2: 856 daAuts
     D:1: 849 daAuts
     D:6: 789 daAuts
  Lair:2: 752 daAuts
     D:3: 734 daAuts
  Lair:1: 727 daAuts
   Orc:1: 704 daAuts
    D:12: 684 daAuts
     D:4: 662 daAuts
     D:5: 625 daAuts
